 Dungeon Crawl Stone Soup version 0.27.0-1-g7a089689b8 (webtiles) character file.

Game seed: 5598900687284878156

167 PBDoughboyy the Grasshopper (level 5, -1/43 HPs)
             Began as a Gnoll Warper on Aug 9, 2021.
             Was an Elder of Elyvilon.
             Slain by Natasha (5 damage)
             ... on level 3 of the Dungeon.
             The game lasted 00:10:31 (4246 turns).

PBDoughboyy the Grasshopper (Gnoll Warper)          Turns: 4246, Time: 00:10:32

Health: -1/43      AC:  4    Str: 10    XL:     5   Next: 48%
Magic:  9/12       EV: 12    Int: 14    God:    Elyvilon [****..]
Gold:   107        SH:  5    Dex: 11    Spells: 9/14 levels left

rFire    . . .     SeeInvis .   m - +3 hand axe
rCold    + . .     Faith    .   k - +2 buckler
rNeg     + . .     Spirit   .   l - +1 leather armour {rN+}
rPois    .         Reflect  .   (no helmet)
rElec    .         Harm     .   (no cloak)
rCorr    .         Rampage  .   (no gloves)
Will     .....                  (no boots)
Stlth    +.........             (no amulet)
HPRegen  0.14/turn              s - ring of protection from cold
MPRegen  0.13/turn              (no ring)

@: slowed, very slow
A: fangs 1, strong nose, distributed training
a: Renounce Religion, Lesser Healing, Heal Other, Purification, Greater Healing,
Divine Protection


You were on level 3 of the Dungeon.
You worshipped Elyvilon.
Elyvilon was greatly pleased with you.
You visited 1 branch of the dungeon, and saw 3 of its levels.

You collected 107 gold pieces.

Inventory:

Hand Weapons
 m - a +3 hand axe (weapon)
Missiles
 d - 5 boomerangs of dispersal
 n - 2 curare-tipped darts
 o - 29 poisoned darts (quivered)
Armour
 k - a +2 buckler (worn)
 l - a +1 leather armour of positive energy (worn)
Jewellery
 s - a ring of protection from cold (left hand)
Scrolls
 b - 2 scrolls of identify {unknown}
 c - a scroll of blinking
 e - a scroll of summoning {unknown}
 f - a scroll of noise {unknown}
 j - a scroll of fog {unknown}
Potions
 g - a potion of berserk rage {unknown}
 h - a potion of might {unknown}
 i - a potion of haste {unknown}
 p - a potion of ambrosia {unknown}
 q - a potion of brilliance {unknown}
 r - a potion of flight {unknown}


   Skills:
 + Level 4.8 Fighting
 + Level 1.5 Short Blades
 + Level 4.8 Long Blades
 + Level 1.5 Axes
 + Level 1.5 Maces & Flails
 + Level 1.5 Polearms
 + Level 1.5 Staves
 + Level 1.5 Slings
 + Level 1.5 Bows
 + Level 1.5 Crossbows
 + Level 3.0 Throwing
 + Level 3.0 Armour
 + Level 4.8 Dodging
 + Level 1.5 Stealth
 + Level 1.5 Shields
 + Level 1.5 Unarmed Combat
 + Level 5.2 Spellcasting
 + Level 1.2 Conjurations
 + Level 1.2 Hexes
 + Level 1.2 Summonings
 + Level 1.2 Necromancy
 + Level 5.5 Translocations
 + Level 1.2 Transmutations
 + Level 1.2 Fire Magic
 + Level 1.2 Ice Magic
 + Level 1.2 Air Magic
 + Level 1.2 Earth Magic
 + Level 1.2 Poison Magic
 + Level 1.7 Invocations
 + Level 1.5 Evocations


You had 9 spell levels left.
You knew the following spells:

 Your Spells              Type           Power      Damage    Failure   Level
a - Blink                 Tloc           N/A        N/A       4%          2
b - Teleport Other        Tloc           19%        N/A       10%         3

Your spell library contained the following spells:

 Spells                   Type           Power      Damage    Failure   Level
 Gell's Gravitas          Tloc           9%         N/A       10%         3
 Lesser Beckoning         Tloc           9%         N/A       10%         3
 Beastly Appendage        Tmut           14%        N/A       19%         1
 Wereblood                Tmut           7%         N/A       28%         2
 Spider Form              Tmut/Pois      3%         N/A       50%         3
 Manifold Assault         Tloc           19%        N/A       65%         5


Dungeon Overview and Level Annotations

Branches:
Dungeon (3/15)

Altars:
Elyvilon

Annotations:
D:3 Natasha


Innate Abilities, Weirdness & Mutations

You have very sharp teeth.
Your uncanny sense of smell can sniff out nearby items.
Your experience applies equally to all skills.


Message History

* * * LOW HITPOINT WARNING * * *
You are healed.
The iron imp disappears in a puff of smoke!
The shadow imp spits at you. The shadow imp completely misses you.
Something claws you.
Unknown command.
You hit something. You hit the shadow imp. The shadow imp barely misses you.
You hear some strange, mumbled words.
A magic dart appears from out of thin air!
The magic dart hits you!
The shadow imp shouts, "Escape, thou grime-gilt tardy-gaited pignut!"
The shadow imp gestures at you.
You are unaffected.
You hear some strange, mumbled words.
You feel as though you will be slow longer.
Okay, then.
Cast which spell? (? or * to list)
You blink.
Something tries to affect you, but you resist.
You hear some strange, mumbled words.
You block something's attack. Something barely misses you.
You miss something.
The shadow imp disappears in a puff of smoke!
Something claws you.
* * * LOW HITPOINT WARNING * * *
Natasha appears from thin air!
Reactivating autopickup.
The iron imp grins evilly.
You block Natasha's attack.
Unknown command.
You hit Natasha. You bite Natasha, but do no damage.
Natasha is heavily wounded.
Natasha misses you.
Natasha drinks a potion.
Natasha flickers and vanishes!
Deactivating autopickup; reactivate with Ctrl-A.
You aren't carrying any items that you can evoke.
You closely miss something. Something claws you!
* * * LOW HITPOINT WARNING * * *
Something claws you.
You die...

#.###########...#.# #. #.#
#####.# ##. #.# ####.# #..
#.# #..########.. #.#
#..#.....P#.# #.#
#..#..P...#.. #.######
##.#......#.#
#.##...########.########.#
#.##.....@{5..........#...
#.##....#######.#.##..#...
#..+..........#.#.....#...
##...########.#.#.#...#...
#.P#...#.P#####.#.#.....#...
#.P#...#..#.....#.#.....)...
#P.#...#..####..#.#...#.#...
#P.#####..# #..#.###.#####.
#P...PP...# #.##.#...# #.


You could see an iron imp (summoned).

Vanquished Creatures
  Terence (D:2)
  Natasha (D:3)
  5 adders
  A worm (D:3)
  A dart slug (D:3)
  8 endoplasms
  3 giant cockroaches
  3 goblins
  6 hobgoblins
  5 jackals
  6 quokkas
  6 ball pythons
  5 bats
  2 frilled lizards
  6 kobolds
  6 rats
65 creatures vanquished.

Vanquished Creatures (others)
  6 plants
6 creatures vanquished.

Grand Total: 71 creatures vanquished

Notes
Turn   | Place    | Note
-------+----------+-------------------------------------------
     0 | D:1      | PBDoughboyy the Gnoll Warper began the quest for the Orb.
     0 | D:1      | Reached XP level 1. HP: 20/20 MP: 6/6
   149 | D:1      | Found a faded altar of an unknown god.
   183 | D:1      | Became a worshipper of Elyvilon the Healer
   183 | D:1      | Reached * piety under Elyvilon
   245 | D:1      | Reached XP level 2. HP: 24/26 MP: 7/7
  1093 | D:1      | Reached XP level 3. HP: 30/31 MP: 9/9
  1141 | D:1      | Reached ** piety under Elyvilon
  1143 | D:1      | Reached skill level 5 in Spellcasting
  1764 | D:2      | Reached skill level 1 in Invocations
  1951 | D:2      | You fall into a shaft and drop 1 floor!
  2044 | D:2      | Reached skill level 1 in Short Blades
  2044 | D:2      | Reached skill level 1 in Axes
  2044 | D:2      | Reached skill level 1 in Maces & Flails
  2044 | D:2      | Reached skill level 1 in Polearms
  2044 | D:2      | Reached skill level 1 in Staves
  2044 | D:2      | Reached skill level 1 in Slings
  2044 | D:2      | Reached skill level 1 in Bows
  2044 | D:2      | Reached skill level 1 in Crossbows
  2044 | D:2      | Reached skill level 1 in Stealth
  2044 | D:2      | Reached skill level 1 in Shields
  2044 | D:2      | Reached skill level 1 in Unarmed Combat
  2044 | D:2      | Reached skill level 1 in Evocations
  2044 | D:2      | Reached XP level 4. HP: 35/38 MP: 11/11
  2047 | D:2      | Learned a level 2 spell: Blink
  2073 | D:2      | Reached *** piety under Elyvilon
  2528 | D:2      | Noticed Terence
  2562 | D:2      | Killed Terence
  2563 | D:2      | Reached skill level 1 in Conjurations
  2563 | D:2      | Reached skill level 1 in Hexes
  2563 | D:2      | Reached skill level 1 in Summonings
  2563 | D:2      | Reached skill level 1 in Necromancy
  2563 | D:2      | Reached skill level 1 in Transmutations
  2563 | D:2      | Reached skill level 1 in Fire Magic
  2563 | D:2      | Reached skill level 1 in Ice Magic
  2563 | D:2      | Reached skill level 1 in Air Magic
  2563 | D:2      | Reached skill level 1 in Earth Magic
  2563 | D:2      | Reached skill level 1 in Poison Magic
  2582 | D:2      | Learned a level 3 spell: Teleport Other
  3395 | D:3      | Reached XP level 5. HP: 41/43 MP: 12/12
  3675 | D:3      | Reached **** piety under Elyvilon
  3849 | D:3      | Noticed Natasha
  3862 | D:3      | Killed Natasha
  4214 | D:3      | Noticed Natasha
  4246 | D:3      | Slain by Natasha

Illustrated notes

Levels and vault maps discovered:
D:1:      erik_arrival_cave_to_civilisation [erik_arrival_cave_to_hall],
          layout_basic, serial_forest, infiniplex_forest_lined_2,
          infiniplex_forest_clump_double, infiniplex_forest_clump_curved,
          infiniplex_forest_end_3, infiniplex_forest_3_way,
          infiniplex_forest_straight_4, ebering_ecumenical_altar_webs,
          minmay_stone_trees_medium, st_stairs_6
D:2:      layout_loops_corners, grunt_decor_one_mirror, uniq_terence
D:3:      layout_basic, serial_aquarium, aquarium_bridge_long_separate
          [aquarium_subvault_bridge, aquarium_subvault_window,
          aquarium_subvault_bridge, aquarium_subvault_wall,
          aquarium_subvault_bridge, aquarium_subvault_wall], aquarium_window_1,
          aquarium_window_corner, aquarium_window_3, aquarium_view_2a,
          aquarium_view_2f, aquarium_balcony_3b, aquarium_pool_2,
          chequers_big_river, uniq_natasha

Skill      XL: |  1  2  3  4  5 |
---------------+----------------+-----
Spellcasting   | 5 |  5.2
Invocations    | 1 |  1.7
Short Blades   | 1 |  1.5
Axes           | 1 |  1.5
Maces & Flails | 1 |  1.5
Polearms       | 1 |  1.5
Staves         | 1 |  1.5
Slings         | 1 |  1.5
Bows           | 1 |  1.5
Crossbows      | 1 |  1.5
Stealth        | 1 |  1.5
Shields        | 1 |  1.5
Unarmed Combat | 1 |  1.5
Evocations     | 1 |  1.5
Conjurations   | 1 |  1.2
Hexes          | 1 |  1.2
Summonings     | 1 |  1.2
Necromancy     | 1 |  1.2
Transmutations | 1 |  1.2
Fire Magic     | 1 |  1.2
Ice Magic      | 1 |  1.2
Air Magic      | 1 |  1.2
Earth Magic    | 1 |  1.2
Poison Magic   | 1 |  1.2
Throwing       | 3 |  3.0
Armour         | 3 |  3.0
Fighting       | |  4.8
Long Blades    | |  4.8
Dodging        | |  4.8
Translocations | |  5.5

Action                   |  1- 3 |  4- 6 || total
-------------------------+-------+-------++-------
Melee: Falchion          |    75 |       ||    75
       Bite              |    10 |     7 ||    17
       Hand axe          |    46 |   112 ||   158
Throw: Dart              |       |     7 ||     7
 Cast: Blink             |       |     1 ||     1
Invok: Greater Healing   |       |     2 ||     2
 Stab: Sleeping          |       |     1 ||     1
Armor: Leather armour    |    30 |    29 ||    59
Dodge: Dodged            |    84 |    59 ||   143
Block: Buckler           |    11 |    31 ||    42
       Rpst.: Falchion   |    11 |       ||    11
